 Dungeon Crawl Stone Soup version 0.21.1-1-g345015f (webtiles) character file.

51 beigtais the Conjurer (level 3, 0/21 HPs)
             Began as an Octopode Conjurer on July 25, 2018.
             Slain by a rat (1 damage)
             ... on level 2 of the Dungeon.
             The game lasted 00:09:21 (1635 turns).

beigtais the Conjurer (Octopode Conjurer)           Turns: 1635, Time: 00:09:22

Health: 0/21       AC:  3    Str:  7      XL:     3   Next: 83%
Magic:  1/6        EV: 13    Int: 17 (18) God:
Gold:   29         SH:  0    Dex: 12      Spells: 4/7 levels left

rFire    . . .     SeeInvis .   f - +0 dagger
rCold    . . .     Gourm    .   (no shield)
rNeg     . . .     Faith    .   (helmet restricted)
rPois    .         Spirit   .   (no amulet)
rElec    .         Reflect  .   e - ring of resist corrosion
rCorr    +         Harm     .   (no ring)
MR       .....                  (no ring)
Stlth    +++.......             (no ring)
HPRegen  0.07/turn              (no ring)
MPRegen  0.10/turn              (no ring)
                                (no ring)
                                (no ring)

@: lethally poisoned (0 -> -9), very slightly contaminated
A: almost no armour, stealthy swim, amphibious, 8 rings, constrict 8, antennae
1, iridescent scales 1, camouflage 1, deterioration 1, mutation resistance 1,
gelatinous body 1
a: no special abilities


You were on level 2 of the Dungeon.
You were hungry.

You visited 1 branch of the dungeon, and saw 2 of its levels.

You collected 29 gold pieces.

Inventory:

Hand Weapons
 f - a +0 dagger (weapon)
Missiles
 h - 6 tomahawks (quivered)
Jewellery
 e - a ring of resist corrosion (left tentacle)
Books
 a - a book of Conjurations

   Spells                             Type                      Level
   a - Magic Dart                     Conjuration                  1
   b - Searing Ray                    Conjuration                  2
   c - Dazzling Spray                 Conjuration/Hexes            3
   d - Fulminant Prism                Conjuration/Hexes            4
   e - Force Lance                    Conjuration/Translocation    4
   f - Iskenderun's Mystic Blast      Conjuration                  4
Comestibles
 b - 2 rations
 c - a chunk of flesh


   Skills:
 * Level 2.3 Dodging
 + Level 2.8 Stealth
 * Level 2.6 Spellcasting
 * Level 4.7 Conjurations


You had 4 spell levels left.
You knew the following spells:

 Your Spells              Type           Power        Failure   Level  Hunger
a - Magic Dart            Conj           ###.         2%          1    #......
b - Searing Ray           Conj           ###...       3%          2    ##.....


Dungeon Overview and Level Annotations

Branches:
Dungeon (2/15)

Altars:
Okawaru

Annotations:
D:2 Sigmund


Innate Abilities, Weirdness & Mutations

You cannot wear most types of armour.
You are very stealthy in the water. (Stealth+)
You are amphibious.
You can wear up to eight rings at the same time.
You can use your tentacles to constrict eight enemies at once.
Your skin changes colour to match your surroundings (Stealth+).
Your rubbery body absorbs attacks. (AC +1, EV +1)
You have a pair of small antennae on your head.
You are partially covered in iridescent scales. (AC +2)
Your body sometimes deteriorates upon taking damage.
You are somewhat resistant to further mutation.


Message History

The adder is lightly wounded.
The adder closely misses you.
You hit the adder. Your grab misses the adder.
The adder is heavily wounded.
* * * LOW HITPOINT WARNING * * *
You feel sick. The adder closely misses you.
You hit the adder. You grab the adder.
The adder is heavily wounded.
You constrict the adder. The adder bites you.
* * * LOW HITPOINT WARNING * * *
You are more poisoned.
The adder poisons you! The adder bites you but does no damage.
The rat barely misses you.
You hit the adder.
The adder is severely wounded.
You constrict the adder.
* * * LOW HITPOINT WARNING * * *
You feel sick. The adder misses you. The rat barely misses you.
The rat bites you.
You die...

#..###..####..###.....
#...........#.# ##....
♣ ♣♣♣##.......###...#
##### ♣.♣..........##
.. ♣...........#
♣♣..........##
♣♣..........##
♣♣##....rr..#
#....@S†.# ###.###)..#
#.# #...... #.# #.....
... ..... .## .... .#
... . ... #.


You could see an adder and 2 rats.

Vanquished Creatures
  2 adders (D:2)
  An ooze (D:2)
  A worm (D:2)
  2 dart slugs
  2 leopard geckos
  3 giant cockroaches
  A hobgoblin (D:2)
  2 bats (D:2)
  2 frilled lizards
  4 goblins
  A kobold (D:2)
  2 rats (D:1)
23 creatures vanquished.

Notes
Turn   | Place    | Note
-------+----------+-------------------------------------------
     0 | D:1      | beigtais the Octopode Conjurer began the quest for the Orb.
     0 | D:1      | Reached XP level 1. HP: 11/11 MP: 3/3
   502 | D:1      | You fall through a shaft!
   502 | D:2      | Noticed Sigmund
   505 | D:2      | Found an iron altar of Okawaru.
   513 | D:2      | Reached XP level 2. HP: 17/17 MP: 5/5
   942 | D:2      | Learned a level 2 spell: Searing Ray
  1250 | D:2      | Reached XP level 3. HP: 21/21 MP: 0/6
  1379 | D:2      | Gained mutation: You are partially covered in iridescent scales. (AC +2) [potion of mutation]
  1379 | D:2      | Gained mutation: You have a pair of small antennae on your head. [potion of mutation]
  1379 | D:2      | Gained mutation: Your body sometimes deteriorates upon taking damage. [potion of mutation]
  1379 | D:2      | Gained mutation: You are somewhat resistant to further mutation. [potion of mutation]
  1635 | D:2      | HP: 1/21 [poisoned by an adder]
  1635 | D:2      | Slain by a rat

Action                   || total
-------------------------++-------
Melee: Unarmed           ||     3
       Dagger            ||    25
       Constrict         ||     8
       Tentacles         ||     2
 Cast: Magic Dart        ||    34
       Searing Ray       ||     3
  Use: Scroll            ||     1
       Potion            ||     3
 Stab: Sleeping          ||     5
  Eat: Chunk             ||     2
Armor: Skin              ||     4
Dodge: Dodged            ||    27
